 Dungeon Crawl Stone Soup version 0.31-a0-963-ga325b2283a (webtiles) character file.

Game seed: 10826541160580687127

78 Maxmaps the Sneak (level 4, 0/31 HPs)
             Began as an Octopode Shapeshifter on Oct 24, 2023.
             Slain by a scorpion (5 damage)
             ... on level 3 of the Dungeon.
             The game lasted 00:01:21 (1615 turns).

Maxmaps the Sneak (Octopode Shapeshifter)           Turns: 1615, Time: 00:01:22

Health: 0/31       AC:  1    Str: 13    XL:     4   Next: 36%
Magic:  4/4        EV: 13    Int: 14    God:
Gold:   121        SH:  0    Dex: 11    Spells: 3/3 levels left

rFire   . .          .
                       - Unarmed
rCold   . . .        (no shield)
rNeg    . . .        (helmet currently unavailable)
rPois   .            (no amulet)
rElec   .            o - ring of wizardry
rCorr   .            (no ring)
SInv    .            (no ring)
Will    .....        (no ring)
Stlth   +++          (no ring)
HPRegen 0.25/turn    (no ring)
MPRegen 0.09/turn    (no ring)
                     (no ring)

%: wizardry (x1)
@: mighty, beast-form
A: beast (slay +1), almost no armour, amphibious, 8 rings, camouflage 1,
gelatinous body 1, (nimble swimmer 1), tentacles
a: Begin Untransformation


You were on level 3 of the Dungeon.
You were a hulking beast.
You visited 1 branch of the dungeon, and saw 3 of its levels.

You collected 121 gold pieces.

Inventory:

Jewellery
 o - a ring of wizardry (left tentacle)
Talismans
 b - a beast talisman
 c - a flux talisman
Scrolls
 d - 3 scrolls of fear {unknown}
 e - a scroll of vulnerability {unknown}
 f - 2 scrolls of fog {unknown}
 g - a scroll of teleportation {unknown}
 l - 2 scrolls of identify {unknown}
 n - a scroll of blinking {unknown}
 p - a scroll of silence {unknown}
 q - a scroll of poison {unknown}
 r - a scroll of amnesia {unknown}
Potions
 a - a potion of lignification
 h - a potion of ambrosia {unknown}
 i - a potion of mutation {unknown}
 j - a potion of might
 k - 3 potions of brilliance {unknown}
 m - 2 potions of curing {unknown}
 s - a potion of resistance {unknown}


   Skills:
 - Level 3.0 Fighting
 - Level 2.0 Dodging
 + Level 3.7 Stealth
 - Level 3.0 Unarmed Combat
 - Level 3.0 Shapeshifting


You had 3 spell levels left.
You didn't know any spells.
Your spell library contained the following spells:

 Spells                   Type           Power      Damage    Failure   Level
 Kiss of Death            Conj/Necr      0%         2d5       12%         1
 Confusing Touch          Hex            0%         N/A       32%         3
 Dispel Undead            Necr           0%         3d6       71%         4
 Summon Ice Beast         Ice/Summ       0%         N/A       71%         4
 Summon Mana Viper        Hex/Summ       0%         N/A       95%         5
 Monstrous Menagerie      Summ           0%         N/A       100%        7


Dungeon Overview and Level Annotations

Branches:
Dungeon (3/15)

Altars:


Innate Abilities, Weirdness & Mutations

You are a hulking beast.
Your limbs bulge with bestial killing power. (Slay +1)
You cannot wear most types of armour.
You are amphibious.
You can wear up to eight rings at the same time.
Your skin changes colour to match your surroundings (Stealth+).
Your rubbery body absorbs attacks. (AC +1, EV +1)
((You are camouflaged when in or above water. (Stealth+)))
You have tentacles for arms and can constrict up to eight enemies at once.


Message History

The orc is lightly wounded.
You closely miss the orc. You grab the orc.
You squeeze the orc, but do no damage.
The orc is lightly wounded.
You constrict the orc, but do no damage.
The orc hits you with a +0 dagger.
You tentacle-slap the orc but do no damage.
The orc is lightly wounded.
You constrict the orc. The orc hits you with a +0 dagger.
You tentacle-slap the orc.
The orc is heavily wounded.
You constrict the orc. The orc closely misses you.
You tentacle-slap the orc but do no damage.
The orc is almost dead.
You constrict the orc.
You kill the orc!
You barely miss the hobgoblin.
The goblin shouts!
You grab the hobgoblin. You constrict the hobgoblin.
The hobgoblin barely misses you.
You tentacle-slap the hobgoblin.
You kill the hobgoblin!
The goblin throws a stone.
The stone hits you but does no damage.
You tentacle-slap the scorpion but do no damage.
You grab the scorpion. You constrict the scorpion. The scorpion stings you!
You tentacle-slap the scorpion but do no damage.
You tentacle-slap the scorpion, but do no damage.
The scorpion is lightly wounded.
You constrict the scorpion. The scorpion stings you.
The goblin hits you with a +0 club.
You tentacle-slap the scorpion but do no damage.
The scorpion is lightly wounded.
You constrict the scorpion. The scorpion stings you!
* * * LOW HITPOINT WARNING * * *
The goblin closely misses you.
It was a potion of might.
You feel very mighty all of a sudden.
You constrict the scorpion. The scorpion closely misses you.
The scorpion stings you.
You die...

####.#######.###
#..............#
#.##..#.#.####.#
#.##..#..... ..##
##########.##........ #.##
#............#.#...#.##.##
.####..##.#.#.#..........
#.####.o##............#.##
...$...osh.#>####.###.#.#
...#.#..##g#.# #.......# .
......##.#.# ####..†##
#..###.......# #...# ##.
#........ #...# #
#o....... #...#
....#####.#####...###
#...# ............
...<.......


You could see a scorpion, 2 orcs and a goblin.

Vanquished Creatures
  2 adders (D:3)
  6 dart slugs
  2 orcs (D:3)
  9 endoplasms
  4 goblins
  2 hobgoblins (D:3)
  7 jackals
  A kobold (D:2)
  3 quokkas
  2 ball pythons
  2 frilled lizards
  2 rats
42 creatures vanquished.

Notes
Turn   | Place    | Note
-------+----------+-------------------------------------------
     0 | D:1      | Maxmaps the Octopode Shapeshifter began the quest for the
                  | Orb.
     0 | D:1      | Reached XP level 1. HP: 13/13 MP: 1/1
   108 | D:1      | Reached XP level 2. HP: 18/19 MP: 2/2
   357 | D:1      | Found a faded altar of an unknown god.
   478 | D:1      | Reached XP level 3. HP: 25/25 MP: 3/3
   859 | D:2      | Reached skill level 1 in Stealth
  1316 | D:3      | Reached XP level 4. HP: 27/31 MP: 4/4
  1599 | D:3      | Noticed a scorpion
  1615 | D:3      | Slain by a scorpion

Illustrated notes

Levels and vault maps discovered:
D:1:      dpeg_arrival_arbitrary_a, layout_basic,
          dreamdust_ecumenical_altar_grove
D:2:      layout_basic
D:3:      layout_loops_cross

Skill      XL: |  1  2  3  4 |
---------------+-------------+-----
Fighting       | 2 3 |  3.0
Stealth        | 2 3 |  3.7
Dodging        | |  2.0
Unarmed Combat | |  3.0
Shapeshifting  | |  3.0

Action                     |  1- 3 |  4- 6 || total
---------------------------+-------+-------++-------
  Melee: Unarmed           |    54 |    26 ||    80
         Constrict         |    10 |     9 ||    19
         Tentacles         |     8 |     5 ||    13
         Punch             |     1 |     2 ||     3
    Use: Potion            |       |     1 ||     1
   Stab: Sleeping          |     9 |       ||     9
 Armour: Skin              |    19 |    13 ||    32
  Dodge: Dodged            |    24 |    10 ||    34

Table legend: (Time is in decaauts)
 A = Elapsed time spent in this place.
 B = Non-inter-level travel time spent in this place.
 C = Inter-level travel time spent in this place.
 D = Time resting spent in this place.
 E = Time spent auto-exploring this place.
 F = Levels seen in this place.
 G = Mean time per level.
                   A        B        C        D        E       F      G
               +--------+--------+--------+--------+--------+-----+--------+
         Total |   1609 |   1559 |     50 |      0 |   1324 |   3 |  536.3 |
       Dungeon |   1609 |   1559 |     50 |      0 |   1324 |   3 |  536.3 |
               +--------+--------+--------+--------+--------+-----+--------+

Top non-repeatable levels by time:
     D:1: 738 daAuts
     D:2: 447 daAuts
     D:3: 423 daAuts
